 Dungeon Crawl Stone Soup version 0.21-a0-437-ge5bf024 (webtiles) character file.

332 slep the Slasher (level 6, 0/51 HPs)
             Began as a Demonspawn Gladiator on Nov 10, 2017.
             Slain by an ogre
             ... wielding a +0 giant club
              (7 damage)
             ... on level 4 of the Dungeon.
             The game lasted 00:16:17 (2879 turns).

slep the Slasher (Demonspawn Gladiator)             Turns: 2879, Time: 00:16:18

Health: 0/51       AC:  4    Str: 18    XL:     6   Next: 26%
Magic:  0/6        EV: 13    Int: 12    God:
Gold:   20         SH:  0    Dex: 18    Spells: 5/5 levels left

rFire    . . .     SeeInvis .   a - +0 long sword
rCold    . . .     Gourm    .   (no shield)
rNeg     . . .     Faith    .   b - +0 leather armour
rPois    .         Spirit   +   c - +0 helmet
rElec    .         Reflect  .   (no cloak)
rCorr    .         Harm     .   (no gloves)
MR       .....     Rnd*Rage +   (no boots)
Stlth    ++........             i - amulet of rage
HPRegen  0.17/turn              q - +4 ring of strength
MPRegen  0.10/turn              s - ring of wizardry

@: no status effects
A: claws 1, thin skeletal structure 1, berserk 1, clever 1, robust 1, magic
shield
a: Evoke Berserk Rage


You were on level 4 of the Dungeon.
You were hungry.

You visited 1 branch of the dungeon, and saw 4 of its levels.

You collected 188 gold pieces.
You spent 168 gold pieces at shops.

Inventory:

Hand Weapons
 a - a +0 long sword (weapon)
Missiles
 d - 2 throwing nets (quivered)
 C - 19 stones
Armour
 b - a +0 leather armour (worn)
 c - a +0 helmet (worn)
Magical Staves
 x - an uncursed staff of air
Jewellery
 i - an amulet of rage (around neck)
 q - a +4 ring of strength (left claw)
 s - a ring of wizardry (right claw)
Wands
 y - a wand of polymorph (14/24)
Scrolls
 e - 3 scrolls of enchant armour {unknown}
 h - a scroll of amnesia {unknown}
 j - 3 scrolls of identify {unknown}
 k - 2 scrolls of remove curse {unknown}
 l - a scroll of teleportation {unknown}
 m - a scroll of fog {unknown}
 n - 3 scrolls of magic mapping {unknown}
 t - a scroll of noise {unknown}
 u - 2 scrolls of enchant weapon {unknown}
Potions
 g - a potion of might {unknown}
 o - a potion of heal wounds
 v - a potion of brilliance {unknown}
 A - a potion of degeneration
 B - a potion of curing
Comestibles
 f - 6 bread rations
 p - a fruit
 r - 2 meat rations


   Skills:
 + Level 3.0 Fighting
 + Level 5.0 Long Blades
 + Level 1.9 Throwing
 + Level 1.9 Armour
 + Level 3.3 Dodging
 + Level 1.4 Stealth


You had 5 spell levels left.
You didn't know any spells.

Dungeon Overview and Level Annotations

Branches:
Dungeon (4/15)
 Temple: D:4-7

Altars:
Elyvilon
Sif Muna

Shops:
D:4 !


Innate Abilities, Weirdness & Mutations

You have sharp fingernails.
You have a somewhat thin skeletal structure. (Dex +2, Stealth)
When hurt, damage is shared between your health and your magic reserves.
You tend to lose your temper in combat.
Your mind is acute. (Int +2)
You are robust. (+10% HP)


Message History

You see here a club.
The orc priest shouts!
The orc priest mumbles some strange prayers to Beogh against you.
Pain shoots through your body!
The orc priest hits you but does no damage.
You closely miss the orc priest. The orc priest barely misses you.
The orc priest looks braver for a moment.
You closely miss the orc priest. The ogre hits you with a giant club!
The orc priest hits you with a whip.
You hit the orc priest.
The orc priest is lightly wounded.
The orc priest calls down the wrath of Beogh upon you.
Pain shoots through your body! The ogre hits you with a giant club!!
* * * LOW HITPOINT WARNING * * *
You slash the orc priest!
The orc priest is severely wounded.
The orc priest hits you with a whip.
* * * LOW HITPOINT WARNING * * *
The ogre hits you with a giant club!
You die...

# ##..##
###.## ##.##
###.###
#.....## .
#......### ..
#........##..#
#...........#
#....@O.....##
#
#.....o......#
###
#...........##
..##
##..........#
...###
#..∩......##
.....##
#.........#
......##
##........'.
.......#
#.......##P.
........
##...#..# #P


You could see an ogre and an orc priest.

Vanquished Creatures
  The ghost of drock42 the Sneak, an amateur SpEn (D:3)
  A howler monkey (D:4)
  An orc wizard (D:4)
  2 worker ants
  3 adders
  4 gnolls (D:4)
  An ooze (D:2)
  2 worms (D:2)
  2 dart slugs
  A leopard gecko (D:2)
  4 orcs
  4 giant cockroaches
  6 goblins
  8 hobgoblins
  6 jackals
  A quokka (D:3)
  A ball python (D:2)
  6 bats
  3 frilled lizards
  10 kobolds
  A leopard gecko skeleton (D:4)
  10 rats
78 creatures vanquished.

Notes
Turn   | Place    | Note
-------+----------+-------------------------------------------
     0 | D:1      | slep the Demonspawn Gladiator began the quest for the Orb.
     0 | D:1      | Reached XP level 1. HP: 16/16 MP: 1/1
   130 | D:1      | Gained mutation: When hurt, damage is shared between your health and your magic reserves. [demonic ancestry]
   130 | D:1      | Reached XP level 2. HP: 17/22 MP: 2/2
   180 | D:1      | Reached skill level 3 in Long Blades
   323 | D:1      | Gained mutation: You have a somewhat thin skeletal structure. (Dex +2, Stealth) [demonic ancestry]
   323 | D:1      | Reached XP level 3. HP: 27/27 MP: 3/3
   830 | D:2      | Reached XP level 4. HP: 23/34 MP: 4/4
  1336 | D:3      | Found a white marble altar of Elyvilon.
  1353 | D:3      | Noticed drock42's ghost (amateur SpEn)
  1361 | D:3      | Killed drock42's ghost
  1361 | D:3      | Reached skill level 4 in Long Blades
  1361 | D:3      | Reached skill level 1 in Armour
  1361 | D:3      | Gained mutation: You have sharp fingernails. [demonic ancestry]
  1361 | D:3      | Reached XP level 5. HP: 25/39 MP: 3/5
  1937 | D:3      | Found a deep blue altar of Sif Muna.
  2369 | D:4      | Reached skill level 1 in Stealth
  2459 | D:4      | Reached XP level 6. HP: 34/47 MP: 3/6
  2492 | D:4      | Found Pion's Distillery.
  2526 | D:4      | Bought a potion of degeneration for 14 gold pieces
  2526 | D:4      | Bought a potion of curing for 42 gold pieces
  2526 | D:4      | Bought a potion of mutation for 112 gold pieces
  2526 | D:4      | Gained mutation: You are robust. (+10% HP) [potion of mutation]
  2526 | D:4      | Gained mutation: You tend to lose your temper in combat. [potion of mutation]
  2526 | D:4      | Gained mutation: Your mind is acute. (Int +2) [potion of mutation]
  2594 | D:4      | Reached skill level 5 in Long Blades
  2879 | D:4      | Slain by an ogre

Vault maps used:
D:1:      ncdulo_lavacross, minmay_split_cup_large
D:2:      minmay_misc_feat_enclosed
D:3:      lemuel_crystal_altar, first_bread, lemuel_blue_sif_altar
D:4:      kennysheep_mini_moat, minmay_temple_entry_enclosed_plants,
          serial_shops, shop, uniq_blork_the_orc, uniq_natasha

Skill      XL: |  1  2  3  4  5  6 |
---------------+-------------------+-----
Dodging        | 3 |  3.3
Long Blades    | 3 4 5 |  5.0
Armour         | 1 |  1.9
Stealth        | 1 |  1.4
Fighting       | 3 |  3.0
Throwing       | |  1.9

Action                   |  1- 3 |  4- 6 || total
-------------------------+-------+-------++-------
Melee: Long sword        |    96 |   126 ||   222
Throw: Throwing net      |       |     1 ||     1
  Use: Potion            |       |     4 ||     4
 Stab: Sleeping          |     1 |     2 ||     3
  Eat: Chunk             |       |     6 ||     6
Armor: Leather armour    |    16 |    32 ||    48
Dodge: Dodged            |    67 |    83 ||   150
       Rpst.: Long sword |    26 |    23 ||    49

Table legend:
 A = Spawn XP
 B = Non-spawn XP
 C = Spawn XP percentage of total XP
 D = Spawn monster count
 E = Non-spawn monster count
 F = Spawn count percentage of total count
 G = Total turns spent on level
                    A         B        C        D         E        F      G
               +---------+---------+-------+---------+---------+-------+---------
         Total |       0 |     475 |   0.0 |       0 |      78 |   0.0 |  2879
               +---------+---------+-------+---------+---------+-------+---------
           D:1 |       0 |      42 |   0.0 |       0 |      25 |   0.0 |   520
           D:2 |       0 |      73 |   0.0 |       0 |      23 |   0.0 |   763
           D:3 |       0 |     167 |   0.0 |       0 |      20 |   0.0 |  1028
           D:4 |       0 |     193 |   0.0 |       0 |      10 |   0.0 |   568
               +---------+---------+-------+---------+---------+-------+---------
